 Dungeon Crawl Stone Soup version 0.25-a0-661-g55ea3d2 (webtiles) character file.

Game seed: 4409057865065687780, levelgen mode: deterministic

35492 robertstho the Grappler (level 13, 0/127 HPs)
             Began as a Troll Fighter on Mar 23, 2020.
             Was the Champion of Okawaru.
             Slain by a spectral seven-headed hydra (12 damage)
             ... in a Gauntlet.
             The game lasted 00:26:23 (12835 turns).

robertstho the Grappler (Troll Fighter)            Turns: 12835, Time: 00:26:25

Health: 0/127      AC: 10    Str: 34    XL:     13   Next: 47%
Magic:  17/17      EV: 13    Int:  5    God:    Okawaru [******]
Gold:   896        SH: 18    Dex:  9    Spells: 12/12 levels left

rFire    . . .     SeeInvis .     - Unarmed
rCold    . . .     Gourm    +   A - +0 tower shield
rNeg     . . .     Faith    .   P - +0 troll leather armour
rPois    .         Spirit   .   (helmet restricted)
rElec    .         Reflect  .   a - +0 cloak of Wonder {MR+ Str+4}
rCorr    .         Harm     .   (gloves unavailable)
MR       +....     NoTele   +   (boots unavailable)
Stlth    +.........             k - amulet of rage
HPRegen  1.11/turn              c - +2 ring of evasion
MPRegen  0.15/turn              q - +2 ring of evasion

@: stab, very slightly contaminated, drained
A: large, unfitting armour, claws 3, fast metabolism 3, gourmand, regeneration
1, shaggy fur 1, tough skin 3
a: Heroism, Finesse, Renounce Religion, Evoke Berserk Rage


You were in a Gauntlet.
You worshipped Okawaru.
Okawaru was exalted by your worship.
You were very full.

You visited 3 branches of the dungeon, and saw 17 of its levels.
You also visited: Gauntlet.

You collected 896 gold pieces.

Inventory:

Hand Weapons
 X - the +6 eveningstar of Revolt {vorpal, +Inv Str-5 Int+6}
   (Okawaru gifted it to you on level 4 of the Lair of Beasts)

   It inflicts extra damage upon your enemies.
   It affects your strength (-5).
   It affects your intelligence (+6).
   It lets you turn invisible.
Armour
 a - the +0 cloak of Wonder (worn) {MR+ Str+4}
   (You found it in a Gauntlet)

   It affects your strength (+4).
   It affects your resistance to hostile enchantments.
 g - a scarf of spirit shield
 A - a +0 tower shield (worn)
 O - a +1 cloak of poison resistance
 P - a +0 troll leather armour (worn)
 Q - a +2 robe of fire resistance
Jewellery
 b - an uncursed ring of see invisible
 c - a +2 ring of evasion (left claw)
 k - an amulet of rage (around neck)
 q - a +2 ring of evasion (right claw)
 s - an uncursed amulet of regeneration
 x - an uncursed ring of protection from magic
 y - an uncursed ring of resist corrosion
 E - an uncursed ring of magical power
 K - an uncursed amulet of magic regeneration
Wands
 h - a wand of paralysis (19)
 F - a wand of digging (13)
 I - a wand of clouds (2)
 J - a wand of acid (16)
 N - a wand of random effects (22)
 R - a wand of polymorph (9)
 S - a wand of iceblast (8)
 W - a wand of scattershot (7)
Scrolls
 e - 6 scrolls of enchant weapon
 f - 10 scrolls of remove curse
 i - 8 scrolls of magic mapping {unknown}
 j - 9 scrolls of teleportation
 l - 5 scrolls of amnesia {unknown}
 o - 2 scrolls of noise {unknown}
 p - 4 scrolls of random uselessness {unknown}
 u - a scroll of torment {unknown}
 z - a scroll of summoning {unknown}
 D - a scroll of immolation {unknown}
 G - 2 scrolls of fear {unknown}
 H - a scroll of holy word {unknown}
 M - a scroll of vulnerability {unknown}
 T - 2 scrolls of identify
 V - 3 scrolls of enchant armour
 Y - a scroll of acquirement {unknown}
Potions
 m - 4 potions of lignification
 n - 7 potions of curing
 r - 3 potions of flight
 t - 5 potions of resistance
 v - a potion of mutation
 w - 2 potions of heal wounds
 B - 2 potions of ambrosia
 C - 2 potions of haste
 L - 3 potions of stabbing
Comestibles
 d - 34 rations


   Skills:
 * Level 8.2(7.1) Fighting
 * Level 7.9(6.9) Armour
 + Level 7.1(6.1) Dodging
 + Level 9.0(8.0) Shields
 + Level 12.4(11.3) Unarmed Combat
 * Level 7.1(6.1) Invocations
 + Level 0.2(0.0) Evocations


You had 12 spell levels left.
You didn't know any spells.
Your spell library contained the following spells:

 Spells                   Type           Power        Failure   Level  Hunger
 Foxfire                  Conj/Fire      #...         95%         1    ##.....
 Sting                    Tmut/Pois      #...         95%         1    ##.....
 Summon Small Mammal      Summ           #...         95%         1    ##.....
 Call Imp                 Summ           #.......     99%         2    ###....
 Poisonous Vapours        Pois/Air       #.....       99%         2    ###....
 Call Canine Familiar     Summ           #.......     100%        3    ####...
 Conjure Flame            Conj/Fire      #.......     100%        3    ####...
 Ignite Poison            Fire/Tmut/Pois #.......     100%        3    ####...
 Inner Flame              Hex/Fire       #.......     100%        3    ####...
 Mephitic Cloud           Conj/Pois/Air  #.......     100%        3    ####...
 Summon Guardian Golem    Hex/Summ       #.......     100%        3    ####...
 Olgreb's Toxic Radiance  Pois           #.......     100%        4    #####..
 Sticky Flame             Conj/Fire      #.......     100%        4    #####..
 Summon Ice Beast         Ice/Summ       #.......     100%        4    #####..
 Summon Lightning Spire   Summ/Air       #.......     100%        4    #####..
 Fireball                 Conj/Fire      #.........   100%        5    ######.


Dungeon Overview and Level Annotations

Branches:
Dungeon (11/15)            Temple (1/1) D:7            Lair (5/6) D:11
 Shoals (0/4) Lair:2        Snake (0/4) Lair:4          Orc (0/2) D:9
Gauntlet (1/1)
  Slime: Lair:5-6

Altars:
Ashenzari
Cheibriados
Dithmenos
Elyvilon
Fedhas
Gozag
Hepliaklqana
Kikubaaqudgha
Makhleb
Nemelex Xobeh
Okawaru
Qazlal
Ru
Sif Muna
Trog
Uskayaw
Vehumet
Wu Jian
Xom
Yredelemnul
Zin
The Shining One
Beogh

Annotations:
D:11 Sonja Gauntlet 9 transporters


Innate Abilities, Weirdness & Mutations

You are too large for most types of armour.
You have claws for hands.
Your metabolism is lightning-fast.
You like to eat raw meat.
Your natural rate of healing is unusually fast.
You are covered in fur. (AC +1)
You have extremely tough skin. (AC +3)


Message History

Okay, then.
You feel much better.
You block the spectral five-headed hydra's attack.
The spectral five-headed hydra bites you but does no damage.
The spectral five-headed hydra bites you!
* * * LOW HITPOINT WARNING * * *
You block the spectral five-headed hydra's attack.
The spectral five-headed hydra bites you but does no damage.
You block the spectral komodo dragon's attack.
The spectral death yak gores you but does no damage.
You block the spectral seven-headed hydra's attack.
The spectral seven-headed hydra bites you!
* * * LOW HITPOINT WARNING * * *
The spectral seven-headed hydra bites you but does no damage.
You block the spectral seven-headed hydra's attack.
The spectral seven-headed hydra bites you!
* * * LOW HITPOINT WARNING * * *
The spectral seven-headed hydra misses you.
The spectral seven-headed hydra bites you!
You die...

.#.#.......#.#h#.#.#?#.P.## .♣.#
.#.#.⌠.#.#.#.#hb^#bhb#...≈##...#
.#.#).P.P..#.#########...≈≈# # #
.#©#.8.©.#©#©#.........♣.≈##
.###..P.P..#.#########.P.##
...#.8.#.#.#.#Zs.....#...≈##
...#.......#.#.##...=#.P.≈≈#
≈..#########.#.##Z...#.♣.≈##
##.........#©#sZ@###©#...##
#≈..♣P♣P♣.###.ZZ###[#...≈##
#≈≈...P.....#.#.###!#...≈≈#
####..PP.P♣.#.......#.♣.≈##
#≈..P.P..#########.P.##
#≈≈..................≈#
####≈≈≈#≈≈≈#≈≈≈#≈≈≈#≈≈≈#
##≈###≈###≈###≈###≈## ### ###
### ### ##


You could see a spectral komodo dragon, a spectral seven-headed hydra, a
spectral five-headed hydra, a spectral death yak, a death scarab, a hell hound
and 2 fire bats.

Vanquished Creatures
  Snorg (Lair:4)
  Josephine (D:11)
  Harold (Lair:1)
  A two-headed ogre (D:8)
  A centaur warrior (D:10)
  Erica (Lair:1)
  A death scarab (Gauntlet)
  4 death yaks
  Nergalle (Lair:2)
  A soul eater (Gauntlet)
  A wolf spider zombie (D:8)
  3 centaur zombies (D:8)
  A torpor snail (Lair:4)
  A smoke demon (Gauntlet)
  2 black mambas
  4 centaur skeletons
  3 spiny frogs
  A rime drake (Lair:2)
  4 komodo dragons
  A hellwing (D:8)
  A redback zombie (D:8)
  A red devil (Gauntlet)
  2 trolls
  Prince Ribbit (D:7)
  3 blink frogs (Lair:5)
  5 dream sheep (Lair:4)
  6 hippogriffs
  5 wraiths (D:11)
  20 yaks
  A wyvern (D:8)
  Grum (D:10)
  3 basilisks
  A hungry ghost (D:8)
  4 nagas (Lair:4)
  Edmund (D:6)
  12 water moccasins
  7 porcupines
  2 sky beasts
  An eye of draining (D:9)
  7 orc warriors
  6 ice beasts
  2 necrophages
  6 phantoms
  9 ogres
  6 wolves
  8 crocodiles
  7 centaurs
  Blork the orc (D:5)
  10 bullfrogs
  4 scorpions
  55 killer bees
  9 wights
  2 howler monkeys
  4 electric eels (Lair:2)
  10 crimson imps
  A bullfrog zombie (D:11)
  4 hounds
  6 jellies
  12 orc priests
  7 orc wizards
  Jessica (D:3)
  2 bullfrog skeletons
  3 iguanas
  Natasha (D:3)
  11 worker ants
  A hound skeleton (D:5)
  A howler monkey zombie (D:5)
  A worker ant zombie (D:10)
  8 adders
  3 gnolls (D:2)
  9 shadow imps
  An ooze (D:1)
  An adder zombie (D:9)
  4 worms
  A dart slug (D:1)
  3 leopard geckos
  49 orcs
  A ball python (D:2)
  5 bats
  8 giant cockroaches
  8 goblins
  4 hobgoblins
  8 jackals
  11 kobolds
  3 quokkas
  7 frilled lizards
  2 quokka zombies
  8 rats
452 creatures vanquished.

Vanquished Creatures (others)
  A porcupine (Lair:1)
  2 fungi (Lair:3)
  A plant (Gauntlet)
4 creatures vanquished.

Grand Total: 456 creatures vanquished

Notes
Turn   | Place    | Note
-------+----------+-------------------------------------------
     0 | D:1      | robertstho the Troll Fighter began the quest for the Orb.
     0 | D:1      | Reached XP level 1. HP: 22/22 MP: 0/0
    92 | D:1      | Reached XP level 2. HP: 23/29 MP: 1/1
   566 | D:2      | Reached XP level 3. HP: 36/36 MP: 2/2
   945 | D:2      | Reached skill level 1 in Armour
  1162 | D:2      | Reached XP level 4. HP: 24/44 MP: 0/3
  1652 | D:3      | Reached skill level 3 in Unarmed Combat
  1752 | D:3      | Reached XP level 5. HP: 35/53 MP: 4/4
  1790 | D:3      | Noticed Natasha
  1794 | D:3      | Killed Natasha
  1863 | D:3      | Noticed Jessica
  1878 | D:3      | Killed Jessica
  2112 | D:4      | Noticed a phantom
  2121 | D:4      | Noticed an ogre
  2129 | D:4      | Killed an ogre
  2129 | D:4      | Reached skill level 4 in Unarmed Combat
  2129 | D:4      | Reached XP level 6. HP: 40/61 MP: 3/5
  2472 | D:5      | Entered Level 5 of the Dungeon
  2513 | D:5      | Found a sacrificial altar of Ru.
  2525 | D:5      | Reached XP level 7. HP: 49/67 MP: 4/6
  2768 | D:5      | Reached skill level 5 in Unarmed Combat
  2904 | D:5      | Noticed Blork the orc
  2921 | D:5      | Killed Blork the orc
  3264 | D:6      | Reached XP level 8. HP: 59/78 MP: 4/7
  3277 | D:6      | Noticed Edmund
  3293 | D:6      | Killed Edmund
  3368 | D:6      | Reached skill level 6 in Unarmed Combat
  3944 | D:7      | Noticed a hippogriff
  3951 | D:7      | Killed a hippogriff
  4007 | D:7      | Reached skill level 7 in Unarmed Combat
  4073 | D:7      | Reached XP level 9. HP: 85/85 MP: 8/8
  4096 | D:7      | Found a staircase to the Ecumenical Temple.
  4108 | D:7      | Noticed Prince Ribbit
  4155 | D:7      | Killed Prince Ribbit
  4180 | Temple   | Entered the Ecumenical Temple
  4497 | Temple   | Became a worshipper of Warmaster Okawaru
  4630 | D:7      | Reached skill level 5 in Fighting
  4718 | D:7      | Reached skill level 1 in Invocations
  4790 | D:7      | Reached skill level 8 in Unarmed Combat
  5018 | D:8      | Reached * piety under Okawaru
  5026 | D:8      | Reached skill level 5 in Shields
  5152 | D:8      | Reached skill level 5 in Dodging
  5198 | D:8      | Noticed a two-headed ogre
  5214 | D:8      | Killed a two-headed ogre
  5214 | D:8      | Reached ** piety under Okawaru
  5214 | D:8      | Reached XP level 10. HP: 91/96 MP: 10/10
  5368 | D:8      | Reached skill level 5 in Armour
  5396 | D:8      | Reached skill level 9 in Unarmed Combat
  5398 | D:8      | Reached *** piety under Okawaru
  6215 | D:9      | Reached **** piety under Okawaru
  6297 | D:9      | Reached XP level 11. HP: 105/105 MP: 12/12
  6368 | D:9      | Found a roughly hewn altar of Beogh.
  6369 | D:9      | Found a staircase to the Orcish Mines.
  6784 | D:9      | Found a burning altar of Makhleb.
  7103 | D:9      | Reached skill level 10 in Unarmed Combat
  7230 | D:10     | Entered Level 10 of the Dungeon
  7273 | D:10     | Noticed Grum
  7284 | D:10     | Killed Grum
  7328 | D:10     | Noticed a centaur warrior
  7339 | D:10     | Killed a centaur warrior
  8097 | D:11     | Reached ***** piety under Okawaru
  8134 | D:11     | Found a staircase to the Lair.
  8338 | D:11     | Reached skill level 5 in Invocations
  8452 | D:11     | Noticed Josephine
  8464 | D:11     | Killed Josephine
  8727 | D:11     | Noticed Sonja
  9041 | Lair:1   | Entered Level 1 of the Lair of Beasts
  9049 | Lair:1   | Noticed Erica
  9061 | Lair:1   | Killed Erica
  9061 | Lair:1   | Received a gift from Okawaru
  9061 | Lair:1   | Reached XP level 12. HP: 107/118 MP: 10/15
  9068 | Lair:1   | Noticed Harold
  9205 | Lair:2   | Reached skill level 11 in Unarmed Combat
  9982 | Lair:1   | Killed Harold
 10219 | Lair:2   | Noticed Nergalle
 10227 | Lair:2   | Killed Nergalle
 10347 | Lair:2   | Found a staircase to the Shoals.
 10867 | Lair:3   | Noticed a death yak
 10867 | Lair:3   | Noticed a death yak
 10868 | Lair:3   | Noticed a death yak
 10868 | Lair:3   | Noticed a death yak
 10884 | Lair:2   | Killed a death yak
 11015 | Lair:3   | Killed a death yak
 11031 | Lair:3   | Killed a death yak
 11037 | Lair:3   | Killed a death yak
 11414 | Lair:4   | Reached XP level 13. HP: 110/127 MP: 16/16
 11459 | Lair:4   | Noticed Snorg
 11470 | Lair:4   | Killed Snorg
 11470 | Lair:4   | Reached ****** piety under Okawaru
 11470 | Lair:4   | Reached skill level 12 in Unarmed Combat
 12032 | Lair:4   | Found a staircase to the Snake Pit.
 12041 | Lair:4   | Received a gift from Okawaru
 12045 | Lair:4   | Got an iridescent eveningstar {god gift}
 12046 | Lair:4   | Identified the +6 eveningstar of Revolt {vorpal, +Inv Str-5
                  | Int+6} (Okawaru gifted it to you on level 4 of the Lair of
                  | Beasts)
 12392 | Lair:5   | Found a gate leading to a gauntlet.
 12436 | Gauntlet | Entered a Gauntlet
 12436 | Gauntlet | Found a transporter.
 12446 | Gauntlet | Found a transporter.
 12454 | Gauntlet | Found a transporter.
 12456 | Gauntlet | Found a transporter.
 12467 | Gauntlet | Found a transporter.
 12482 | Gauntlet | Found a transporter.
 12492 | Gauntlet | Found a transporter.
 12502 | Gauntlet | Found a transporter.
 12516 | Gauntlet | Found a transporter.
 12531 | Gauntlet | Found a transporter.
 12531 | Gauntlet | Found a transporter.
 12541 | Gauntlet | Found a transporter.
 12581 | Gauntlet | Found a transporter.
 12595 | Gauntlet | Found a transporter.
 12807 | Gauntlet | Got a translucent cloak
 12818 | Gauntlet | Identified the +0 cloak of Wonder {MR+ Str+4} (You found it
                  | in a Gauntlet)
 12835 | Gauntlet | Slain by a spectral seven-headed hydra

Levels and vault maps discovered:
D:1:      saegor_arrival_miasma, layout_basic
D:2:      layout_loops_ring, serial_co_window_serial, co_window_corner_a,
          co_window_of_opportunity_a, co_window_corner_a,
          co_window_of_opportunity_a, co_window_of_opportunity_a,
          co_window_broadway_b, co_window_corner_b, co_window_of_opportunity_b,
          co_window_unsneaky_path_e, co_window_broadway_a, co_window_paths_d,
          glass_columns_a, glass_columns_c
D:3:      layout_basic, first_ration, lemuel_another_geyser, uniq_natasha,
          uniq_jessica
D:4:      layout_rooms
D:5:      layout_cave_pods, basic_altar, uniq_blork_the_orc
D:6:      layout_basic, uniq_edmund
D:7:      minmay_recursive_quarters, layout_rooms, minmay_temple_entry_tees,
          uniq_prince_ribbit1
D:8:      cheibrodos_grave_circle, layout_basic
D:9:      layout_long_grid, lightli_temple_of_fire, david_orc_5
D:10:     layout_gridville, uniq_grum
D:11:     layout_loops_ring, lair_entry_dummy, grunt_ogre_cave, uniq_sonja,
          uniq_josephine
Temple:   compressed_dpeg_triangle_lava_temple
Lair:1:   wad_woods_minihive, layout_hall_layers, uniq_harold, uniq_erica
Lair:2:   layout_regular_city, shoals_dummy_entry, serial_bayou,
          serial_bayou_pond_d, serial_bayou_lake_a, serial_bayou_shore_a,
          serial_bayou_pond_b, uniq_nergalle
Lair:3:   layout_gridlike, cheibrodos_lair_reptile_den
Lair:4:   layout_regular_city, minmay_snake_entry_guardpost_small, uniq_snorg
Lair:5:   layout_cave_shapes, gauntlet_entry_generic
Gauntlet: minmay_gauntlet_77_tree [minmay_gauntlet_arena_77_two_lines,
          minmay_gauntlet_arena_77_museum,
          minmay_gauntlet_arena_77_radiant_squares,
          minmay_gauntlet_arena_77_block_sizes,
          minmay_gauntlet_arena_77_two_paths,
          minmay_gauntlet_arena_77_broken_ladder, minmay_gauntlet_arena_77_mess,
          gauntlet_exit_spiral]

Skill      XL: |  1  2  3  4  5  6  7  8  9 10 11 12 13 |
---------------+----------------------------------------+-----
Armour         | 1 2 3 4 5 6 7 |  7.9
Fighting       | 3 4 5 6 7 8 |  8.2
Unarmed Combat | 3 4 5 7 8 9 10 11 12 | 12.4
Shields        | 3 4 5 6 7 8 9 |  9.0
Dodging        | 3 4 5 6 7 |  7.1
Invocations    | 2 3 5 6 7 |  7.1
Evocations     | |  0.2

Action                   |  1- 3 |  4- 6 |  7- 9 | 10-12 | 13-15 || total
-------------------------+-------+-------+-------+-------+-------++-------
Melee: Unarmed           |   128 |   128 |   347 |  1008 |   212 ||  1823
Invok: Heroism           |       |       |       |    10 |     3 ||    13
 Abil: Evoke Berserk Rag |       |       |       |     2 |       ||     2
Evoke: Wand              |       |       |       |     1 |       ||     1
  Use: Potion            |       |     4 |     1 |     3 |     3 ||    11
       Scroll            |       |     9 |       |    11 |     1 ||    21
 Stab: Sleeping          |       |     1 |       |       |     5 ||     6
       Invisible         |       |       |       |       |     1 ||     1
  Eat: Chunk             |    13 |    16 |    25 |    64 |    13 ||   131
Armor: Robe              |    29 |    35 |    55 |    74 |       ||   193
       Troll leather arm |       |       |       |    77 |    40 ||   117
Dodge: Dodged            |    35 |    40 |   100 |   343 |    91 ||   609
Block: Kite shield       |    56 |    65 |    47 |       |       ||   168
       Tower shield      |       |       |   157 |   945 |   202 ||  1304

Table legend:
 A = Non-vault XP
 B = Vault XP
 C = Vault XP percentage of total XP
 D = Non-vault monster count
 E = Vault monster count
 F = Vault count percentage of total count
                 A         B        C        D         E       F
            +---------+---------+-------+---------+---------+-------
      Total |   32198 |   18506 |  36.5 |     325 |     127 |  28.1
            +---------+---------+-------+---------+---------+-------
        D:1 |      37 |       0 |   0.0 |      19 |       0 |   0.0
        D:2 |      79 |       0 |   0.0 |      27 |       0 |   0.0
        D:3 |     152 |      72 |  32.1 |      20 |       2 |   9.1
        D:4 |     331 |       0 |   0.0 |       8 |       0 |   0.0
        D:5 |     376 |      91 |  19.5 |      15 |       1 |   6.2
        D:6 |     893 |     157 |  15.0 |      19 |       1 |   5.0
        D:7 |    1446 |     520 |  26.4 |      27 |       4 |  12.9
        D:8 |    2736 |    3539 |  56.4 |      26 |      13 |  33.3
        D:9 |    2369 |     436 |  15.5 |      28 |      22 |  44.0
       D:10 |    2849 |     424 |  13.0 |      26 |       3 |  10.3
       D:11 |    2265 |    2245 |  49.8 |      30 |       7 |  18.9
     Lair:1 |    3344 |    4500 |  57.4 |      16 |      44 |  73.3
     Lair:2 |    3416 |    1163 |  25.4 |      18 |       6 |  25.0
     Lair:3 |    3433 |     877 |  20.3 |       8 |       7 |  46.7
     Lair:4 |    7236 |    1823 |  20.1 |      33 |       5 |  13.2
     Lair:5 |    1236 |       0 |   0.0 |       5 |       0 |   0.0
   Gauntlet |       0 |    2659 | 100.0 |       0 |      12 | 100.0
            +---------+---------+-------+---------+---------+-------
